 Dungeon Crawl Stone Soup version 0.29-a0-613-gf2c431b9b9 (webtiles) character file.

Game seed: 1729173476598053787

67 moldycheese5 the Chopper (level 3, -10/29 HPs)
             Began as a Demonspawn Berserker on June 16, 2022.
             Was a Believer of Trog.
             Killed by divine providence
             ... invoked by an orc priest
              (14 damage)
             ... on level 3 of the Dungeon.
             The game lasted 00:04:00 (3029 turns).

moldycheese5 the Chopper (Demonspawn Berserker)     Turns: 3029, Time: 00:04:01

Health: -10/29     AC:  7    Str: 19    XL:     3   Next: 98%
Magic:  3/3        EV: 11    Int:  8    God:    Trog [**....]
Gold:   50         SH:  0    Dex: 12    Spells: 2/2 levels left

rFire   . . .      SeeInvis .   a - +0 hand axe
rCold   . . .      Faith    .   (no shield)
rNeg    . . .      Spirit   .   q - +0 ring mail
rPois   .          Reflect  .   (no helmet)
rElec   .          Harm     .   (no cloak)
rCorr   .          Rampage  .   (no gloves)
Will    ++...                   l - +0 pair of boots
Stlth   +.........              (no amulet)
HPRegen 1.09/turn               (no ring)
MPRegen 0.08/turn               (no ring)

@: strong-willed, regenerating
A: rugged brown scales 1
a: Renounce Religion, Berserk, Trog's Hand


You were on level 3 of the Dungeon.
You worshipped Trog.
Trog was pleased with you.
You visited 1 branch of the dungeon, and saw 3 of its levels.

You collected 50 gold pieces.

Inventory:

Hand Weapons
 a - a +0 hand axe (weapon)
Armour
 b - a +0 animal skin
 l - a +0 pair of boots (worn)
 q - a +0 ring mail (worn)
Scrolls
 c - a scroll of magic mapping {unknown}
 e - a scroll of identify {unknown}
 f - 2 scrolls of vulnerability {unknown}
 g - a scroll of teleportation {unknown}
 k - a scroll of summoning {unknown}
 p - a scroll of amnesia {unknown}
Potions
 d - a potion of cancellation {unknown}
 h - a potion of brilliance {unknown}
 i - 2 potions of degeneration {unknown}
 j - a potion of mutation {unknown}
 m - a potion of curing {unknown}
 n - a potion of attraction {unknown}
 o - a potion of ambrosia {unknown}
 r - a potion of might {unknown}


   Skills:
 + Level 3.3 Fighting
 + Level 3.4 Axes
 + Level 1.8 Armour
 + Level 2.2 Dodging
 + Level 1.7 Stealth


You had 2 spell levels left.
You didn't know any spells.
Your spell library was empty.

Dungeon Overview and Level Annotations

Branches:
Dungeon (3/15)

Altars:


Innate Abilities, Weirdness & Mutations

You are partially covered in rugged brown scales. (AC +1, +3% HP)


Message History

You are too injured to fight recklessly!
You are too injured to fight recklessly!
You are too injured to fight recklessly!
You are too injured to fight recklessly!
The bat hits you but does no damage. The orc hits you with a +0 short sword.
The bat attacks as you move away! The bat barely misses you. x2
The bat closely misses you. The bat closely misses you.
The bat hits you but does no damage. The bat attacks as you move away!
The bat hits you but does no damage. x2
The orc attacks as you move away! The orc hits you but does no damage.
The bat closely misses you.
Your skin crawls.
You feel strong-willed. The bat barely misses you.
You barely miss the orc priest.
The orc priest is heavily wounded.
You closely miss the orc. You miss the bat. The bat closely misses you.
The orc priest barely misses you. The bat hits you but does no damage.
You hit the orc priest but do no damage.
The orc priest is heavily wounded.
You slash the orc!
You kill the orc!
Trog accepts your kill.
You closely miss the bat. The bat closely misses you.
The orc priest hits you with a +0 whip. The bat barely misses you.
You closely miss the orc priest.
The orc priest is heavily wounded.
You hit the orc. You hit the bat. The bat barely misses you.
The bat hits you but does no damage. The orc hits you but does no damage.
The orc priest casts a cantrip, but nothing happens.
The orc hits you with a +0 short sword.
The orc priest calls down the wrath of Beogh upon you.
Beogh smites you!
* * * LOW HITPOINT WARNING * * *
You hit the orc priest.
The orc priest is heavily wounded.
You hit the orc. The bat barely misses you. The orc closely misses you.
The orc priest mumbles some strange prayers to Beogh against you.
Beogh smites you!
You die...

.... ##..#...#.. # ....##
####..##.#.#
#.......####............
............#..###^#....
#. #.........# ... .
####..###.........# ....
.....).<.b........# .....
..#....#...o.....##......
#...##...>@o............
... ###.........##..... .
#.........# ....
#..........# ...
............# ..
.#|.........# .
.##......<...# .#
#..........# ......#...#


You could see an orc priest, an orc and a bat.

Vanquished Creatures
  An adder (D:2)
  A worm (D:2)
  3 dart slugs (D:2)
  An orc (D:3)
  6 bats
  6 endoplasms
  2 giant cockroaches (D:1)
  5 goblins
  4 hobgoblins
  2 kobolds
  2 quokkas (D:1)
  8 ball pythons
  A frilled lizard (D:3)
  3 rats
45 creatures vanquished.

Notes
Turn   | Place    | Note
-------+----------+-------------------------------------------
     0 | D:1      | moldycheese5 the Demonspawn Berserker began the quest for
                  | the Orb.
     0 | D:1      | Reached XP level 1. HP: 18/18 MP: 1/1
   520 | D:1      | Gained mutation: You are partially covered in rugged brown
                  | scales. (AC +1, +3% HP) [demonic ancestry]
   520 | D:1      | Reached XP level 2. HP: 18/24 MP: 2/2
  1616 | D:2      | Reached skill level 1 in Stealth
  1616 | D:2      | Reached XP level 3. HP: 14/29 MP: 3/3
  1894 | D:2      | Reached ** piety under Trog
  2983 | D:3      | Found a faded altar of an unknown god.
  3029 | D:3      | Killed from afar by an orc priest

Illustrated notes

Levels and vault maps discovered:
D:1:      matt_arrival_grand_opening, layout_basic
D:2:      layout_basic, minmay_bisected
D:3:      layout_rooms, nicolae_qazlal_eye_of_the_storm,
          chequers_ecumenical_altar_simple

Skill      XL: |  1  2 |
---------------+-------+-----
Dodging        | 2 |  2.2
Axes           | 3 |  3.4
Stealth        | 1 |  1.7
Fighting       | |  3.3
Armour         | |  1.8

Action                   || total
-------------------------++-------
Melee: Hand axe          ||   150
Invok: Trog's Hand       ||     1
 Stab: Sleeping          ||     7
Armor: Animal skin       ||    28
       Ring mail         ||    27
Dodge: Dodged            ||   128

Table legend: (Time is in decaauts)
 A = Elapsed time spent in this place.
 B = Non-inter-level travel time spent in this place.
 C = Inter-level travel time spent in this place.
 D = Time resting spent in this place.
 E = Time spent auto-exploring this place.
 F = Levels seen in this place.
 G = Mean time per level.
                   A        B        C        D        E       F      G
               +--------+--------+--------+--------+--------+-----+--------+
         Total |   3050 |   2916 |    134 |    862 |   1688 |   3 | 1016.7 |
       Dungeon |   3050 |   2916 |    134 |    862 |   1688 |   3 | 1016.7 |
               +--------+--------+--------+--------+--------+-----+--------+

Top non-repeatable levels by time:
     D:2: 1517 daAuts
     D:1: 1468 daAuts
     D:3: 63 daAuts
